 Dungeon Crawl Stone Soup version 0.29.1-2-gbd0b4ee654 (webtiles) character file.

Game seed: 443076679833595165

634 Tirrikindir the Trooper (level 7, -3/53 HPs)
             Began as an Octopode Fighter on Oct 28, 2022.
             Was an Initiate of Gozag.
             Shot with an arrow by a centaur (16 damage)
             ... on level 5 of the Dungeon.
             The game lasted 00:11:39 (4393 turns).

Tirrikindir the Trooper (Octopode Fighter)          Turns: 4393, Time: 00:11:39

Health: -3/53      AC: -7    Str: 19    XL:     7   Next: 49%
Magic:  0/9        EV: 18    Int:  8    God:    Gozag
Gold:   43         SH:  6    Dex: 18    Spells: 9/9 levels left

rFire   . . .      SeeInvis .   d - staff of air
rCold   . . .      Faith    .   b - +1 buckler
rNeg    . . .      Spirit   +   (helmet restricted)
rPois   .          Reflect  .   n - amulet of guardian spirit
rElec   +          Harm     .   k - ring of willpower
rCorr   .          Rampage  .   s - +6 ring of dexterity
Will    +....                   u - +4 ring of evasion
Stlth   ++++......              (no ring)
HPRegen 0.17/turn               (no ring)
MPRegen 0.11/turn               (no ring)
                                (no ring)
                                (no ring)

@: corroded
A: almost no armour, amphibious, 8 rings, camouflage 1, gelatinous body 1,
(nimble swimmer 1), tentacles, dopey 1, robust 1, strong 1
a: Renounce Religion, Potion Petition, Call Merchant, Bribe Branch


You were on level 5 of the Dungeon.
You worshipped Gozag.
Gozag was noncommittal.
You visited 2 branches of the dungeon, and saw 6 of its levels.

You collected 216 gold pieces.
You spent 88 gold pieces at shops.
You paid 85 gold pieces to Gozag.

Inventory:

Missiles
 j - 5 poisoned darts (quivered)
Armour
 b - a +1 buckler (worn)
Magical Staves
 d - a staff of air (weapon)
 h - a staff of fire
Jewellery
 k - a ring of willpower (left tentacle)
 m - a ring of ice
 n - an amulet of guardian spirit (around mantle)
 p - an amulet of reflection
 s - a +6 ring of dexterity (right tentacle)
 u - a +4 ring of evasion (on tentacle)
 w - an amulet of magic regeneration
Wands
 l - a wand of flame (16)
Scrolls
 f - a scroll of silence
 i - a scroll of brand weapon
 q - 2 scrolls of immolation {unknown}
 r - 2 scrolls of teleportation {unknown}
 t - a scroll of poison {unknown}
 y - a scroll of magic mapping {unknown}
Potions
 a - a potion of resistance
 c - 2 potions of might
 e - a potion of magic
 g - a potion of heal wounds
 o - a potion of mutation
 v - a potion of flight
 x - a potion of degeneration {unknown}


   Skills:
 * Level 4.5 Fighting
 - Level 2.1 Long Blades
 * Level 3.2 Staves
 + Level 3.9 Dodging
 + Level 3.4 Stealth
 + Level 3.9 Shields
 + Level 1.6 Spellcasting
 - Level 0.1 Air Magic
 * Level 3.3 Evocations


You had 9 spell levels left.
You didn't know any spells.
Your spell library contained the following spells:

 Spells                   Type           Power      Damage    Failure   Level
 Freeze                   Ice            0%         1d3       43%         1
 Blink                    Tloc           0%         N/A       58%         2
 Frozen Ramparts          Ice            0%         1d1       82%         3
 Lesser Beckoning         Tloc           0%         N/A       82%         3
 Hailstorm                Conj/Ice       0%         3d3       99%         4
 Manifold Assault         Tloc           0%         N/A       100%        5


Dungeon Overview and Level Annotations

Branches:
Dungeon (5/15)             Temple (1/1) D:5

Altars:
Ashenzari
Cheibriados
Elyvilon
Gozag
Hepliaklqana
Kikubaaqudgha
Okawaru
Ru
Trog
Wu Jian
Xom
Yredelemnul

Shops:
D:5 =[*


Innate Abilities, Weirdness & Mutations

You cannot wear most types of armour.
You are amphibious.
You can wear up to eight rings at the same time.
Your skin changes colour to match your surroundings (Stealth+).
Your rubbery body absorbs attacks. (AC +1, EV +1)
((You are camouflaged when in or above water. (Stealth+)))
You have tentacles for arms and can constrict up to eight enemies at once.
You are dopey. (Int -2)
You are robust. (+10% HP)
Your muscles are strong. (Str +4, Int/Dex -1)


Message History

You now have 43 gold pieces (gained 9).
A jelly comes into view.
Found Eckol's Jewellery Emporium.
A centaur comes into view. It is carrying a wand of digging (9).
The helpless jelly fails to defend itself.
You hit the jelly.
Your tentacles burn!
The jelly is moderately wounded.
The jelly barely misses you.
You hit the jelly. The acid corrodes you!
Your tentacles burn!
The jelly is heavily wounded.
The centaur wields a +0 shortbow.
The centaur shoots an arrow.
The arrow hits you! The jelly closely misses you.
The centaur shoots an arrow.
The arrow hits you!
You hit the jelly.
Your tentacles burn!
The jelly is heavily wounded.
The centaur shoots an arrow.
The arrow completely misses you. The jelly completely misses you.
The jelly closely misses you.
The centaur shoots an arrow.
The arrow hits you!
The centaur shoots an arrow.
The arrow hits you!
* * * LOW HITPOINT WARNING * * *
The centaur shoots an arrow.
The arrow barely misses you.
The centaur shoots an arrow.
The arrow hits you!
* * * LOW HITPOINT WARNING * * *
The jelly attacks as you move away! The jelly completely misses you.
You feel much better. The jelly hits you. The acid corrodes you!
You are splashed with acid!
* * * LOW HITPOINT WARNING * * *
Okay, then.
The jelly attacks as you move away! The jelly misses you.
You hear a zap.
You hear a grinding noise.
The jelly attacks as you move away! The jelly barely misses you.
The jelly attacks as you move away! You block the jelly's attack.
You hear a zap.
You hear a grinding noise.
The centaur shoots an arrow.
The arrow closely misses you. The jelly attacks as you move away!
The jelly barely misses you. The jelly attacks as you move away!
The jelly closely misses you.
The centaur zaps a wand.
Some rock shatters into small pieces.
The centaur shoots an arrow.
The arrow hits you!!
You die...
Your body crumbles into a pile of gold.

#.# #####.## #.. #.#
##......# ### ###.####
#.......# # #......#
#..##...# ## #.#.##.#
#..##...# ##. #...##.#
#.......###..
####...##.######.....#.##...
+........J.@............'...
###......######.#...####...
##.c...# #.....# ##..
##..### ###.### ##.
###.#.#### #.# ## +#
#........# #.# # .#
#.###.##.# #.# .# #..#
#....# #.# .## #.#.# ###..#
#.# #


You could see a centaur and a jelly.

Vanquished Creatures
  An ogre (D:5)
  A scorpion (D:4)
  A hound (D:5)
  2 orc priests (D:4)
  2 gnoll boudas (D:5)
  2 iguanas
  An orc wizard (D:4)
  9 gnolls (D:5)
  9 adders
  A worm (D:3)
  4 dart slugs
  8 orcs (D:4)
  9 bats
  An endoplasm (D:2)
  5 giant cockroaches
  7 goblins
  10 hobgoblins
  2 jackals (D:1)
  4 quokkas
  6 ball pythons
  3 frilled lizards
  5 kobolds
  6 rats
99 creatures vanquished.

Notes
Turn   | Place    | Note
-------+----------+-------------------------------------------
     0 | D:1      | Tirrikindir the Octopode Fighter began the quest for the
                  | Orb.
     0 | D:1      | Reached XP level 1. HP: 16/16 MP: 1/1
   188 | D:1      | Reached XP level 2. HP: 21/21 MP: 2/2
   357 | D:1      | Reached skill level 1 in Stealth
   704 | D:1      | Reached XP level 3. HP: 23/26 MP: 3/3
  1106 | D:2      | Found a faded altar of an unknown god.
  1150 | D:2      | Reached skill level 1 in Staves
  1150 | D:2      | Reached skill level 1 in Evocations
  1439 | D:2      | Gained mutation: You are robust. (+10% HP) [potion of
                  | mutation]
  1439 | D:2      | Gained mutation: You are dopey. (Int -2) [potion of
                  | mutation]
  1439 | D:2      | Gained mutation: Your muscles are strong. (Str +4, Int/Dex
                  | -1) [potion of mutation]
  1631 | D:2      | Reached XP level 4. HP: 20/34 MP: 4/4
  2397 | D:3      | Reached XP level 5. HP: 35/39 MP: 5/5
  2980 | D:4      | Reached skill level 1 in Spellcasting
  3179 | D:4      | Identified the +3 spear of Eternal Vigilance {elec, rC+
                  | MP+9}
  3188 | D:4      | Reached skill level 4 in Fighting
  3188 | D:4      | Reached XP level 6. HP: 36/47 MP: 4/7
  3575 | D:4      | Identified the +4 whip "Nanyaq" {venom, *Slow rElec Will+++
                  | Dex-2}
  3692 | D:5      | Entered Level 5 of the Dungeon
  3723 | D:5      | Found a staircase to the Ecumenical Temple.
  3765 | D:5      | Reached XP level 7. HP: 42/52 MP: 4/9
  3801 | Temple   | Entered the Ecumenical Temple
  3902 | Temple   | Became a worshipper of Gozag Ym Sagoz the Greedy
  4223 | D:5      | Found Zuvedo's Assorted Antiques.
  4232 | D:5      | Bought a scroll of identify for 44 gold pieces
  4232 | D:5      | Bought a scroll of identify for 44 gold pieces
  4278 | D:5      | Found Pappav's Antique Armour Shop.
  4365 | D:5      | Found Eckol's Jewellery Emporium.
  4393 | D:5      | Shot with an arrow by a centaur

Illustrated notes

Levels and vault maps discovered:
D:1:      dpeg_arrival_windows_large_door, layout_basic, minmay_tromino_v7
D:2:      layout_basic, chequers_ecumenical_altar_simple
D:3:      layout_loops_ring
D:4:      layout_rooms
D:5:      layout_loops_corners, zin_treasury, minmay_temple_entry_glass,
          serial_shops, shop, nicolae_square_shop, kennysheep_mini_moat,
          nicolae_shop_advertising_works [nicolae_subvault_shop_adworks], shop
Temple:   hellmonk_temple_forest_ring

Skill      XL: |  1  2  3  4  5  6  7 |
---------------+----------------------+-----
Stealth        | 1 2 3 |  3.4
Staves         | 1 2 3 |  3.2
Evocations     | 1 2 3 |  3.3
Spellcasting   | 1 |  1.6
Fighting       | 4 |  4.5
Long Blades    | |  2.1
Dodging        | |  3.9
Shields        | |  3.9
Air Magic      | |  0.1

Action                   |  1- 3 |  4- 6 |  7- 9 || total
-------------------------+-------+-------+-------++-------
Melee: Long sword        |     7 |       |       ||     7
       Staff             |    68 |   118 |    33 ||   219
       Constrict         |    28 |    43 |     7 ||    78
       Tentacles         |    12 |    39 |    12 ||    63
       Punch             |     2 |     3 |       ||     5
Throw: Dart              |       |     3 |     3 ||     6
Evoke: Wand              |       |       |     1 ||     1
  Use: Scroll            |     6 |     2 |     2 ||    10
       Potion            |     1 |     2 |     1 ||     4
 Stab: Sleeping          |     5 |    10 |     1 ||    16
Armor: Skin              |     3 |     3 |       ||     6
Dodge: Dodged            |    42 |    57 |    37 ||   136
Block: Buckler           |    14 |    30 |     8 ||    52
